 Dungeon Crawl Stone Soup version 0.30-a0-672-gc3a7216ad8 (webtiles) character file.

Game seed: 7961278462042286891

50472 sokol815 the Transmogrifier (level 14, -6/83 HPs)
             Began as an Octopode Earth Elementalist on Jan 18, 2023.
             Was an Initiate of Gozag.
             Mangled by a sun demon (20 damage)
             ... on level 5 of the Lair of Beasts on Jan 19, 2023.
             The game lasted 01:27:34 (26637 turns).

sokol815 the Transmogrifier (OpEE)                 Turns: 26637, Time: 01:27:35

Health: -6/83      AC:  7    Str: 14    XL:     14   Next: 55%
Magic:  13/23      EV: 15    Int: 25    God:    Gozag
Gold:   848        SH:  6    Dex: 17    Spells: 4/25 levels left

rFire   . . .      SeeInvis .    c - +4 dagger (speed)
rCold   . . .      Faith    .    Z - +1 buckler "Neisesy" {rElec rC- Will+}
rNeg    + . .      Spirit   .    g - +2 hat
rPois   +          Reflect  .    n - amulet "Suggedd" {RegenMP Stlth+}
rElec   +          Harm     .    E - ring of positive energy {rN+}
rCorr   .          Rampage  .    A - +4 ring of protection
Will    +++..                    w - +6 ring of strength
Stlth   +++++++                  z - ring of Iwkugaer {rPois Will+ Int+3 Dex+5}
HPRegen 0.33/turn                C - ring of protection from cold {rC+, !d}
MPRegen 0.58/turn                (no ring)
                                 (no ring)
                                 (no ring)

@: about to teleport, gold aura
A: almost no armour, amphibious, 8 rings, camouflage 1, gelatinous body 1,
(nimble swimmer 1), tentacles
a: Renounce Religion, Potion Petition, Call Merchant, Bribe Branch


You were on level 5 of the Lair of Beasts.
You worshipped Gozag.
Gozag was pleased with you.
You visited 3 branches of the dungeon, and saw 17 of its levels.
You also visited: Ossuary.

You collected 5080 gold pieces.
You spent 1884 gold pieces at shops.
You paid 2348 gold pieces to Gozag.

Inventory:

Hand Weapons
 a - a +5 rapier of electrocution
   (You found it on level 9 of the Dungeon)
 c - a +4 dagger of speed (weapon)
   (You took it off a kobold on level 1 of the Dungeon)
 r - a +1 spear of venom
   (You took it off a gnoll sergeant on level 6 of the Dungeon)
 t - a +6 scimitar of protection
   (You took it off a wight on level 5 of the Dungeon)
 W - a +4 scimitar of flaming
   (You took it off Erica on level 8 of the Dungeon)
Missiles
 h - a boomerang of dispersal {=f}
 o - 19 boomerangs
 s - 106 stones
 v - 2 silver javelins
 x - 2 throwing nets {!d}
 O - 12 poisoned darts
 V - 6 curare-tipped darts
Armour
 g - a +2 hat (worn)
   (You took it off Gastronok on level 8 of the Dungeon)
 Z - the +1 buckler "Neisesy" (worn) {rElec rC- Will+}
   (You acquired it on level 11 of the Dungeon)

   rC:        It makes you vulnerable to cold.
   rElec:     It insulates you from electricity.
   Will:      It increases your willpower.
Magical Staves
 b - a staff of conjuration
   (You found it on level 1 of the Dungeon)
Jewellery
 f - a ring of fire {rF+, rC-}
   (You found it on level 5 of the Dungeon)
 n - the amulet "Suggedd" (around mantle) {RegenMP Stlth+}
   (You bought it in a shop on level 3 of the Lair of Beasts)

   [amulet of magic regeneration]

   It increases your rate of magic regeneration.
   Stlth:     It makes you more stealthy.
 u - an amulet of guardian spirit
   (You found it on level 1 of the Dungeon)
 w - a +6 ring of strength (on tentacle)
   (You took it off a centaur on level 6 of the Dungeon)
 z - the ring of Iwkugaer (on tentacle) {rPois Will+ Int+3 Dex+5}
   (You bought it in a shop on level 3 of the Lair of Beasts)

   [ring of willpower]

   Int:       It affects your intelligence (+3).
   Dex:       It affects your dexterity (+5).
   rPois:     It protects you from poison.
   Will:      It increases your willpower.
 A - a +4 ring of protection (right tentacle)
   (You found it on level 5 of the Dungeon)
 C - a ring of protection from cold (on tentacle) {rC+, !d}
   (You bought it in a shop on level 3 of the Lair of Beasts)
 E - a ring of positive energy (left tentacle) {rN+}
   (You found it on level 4 of the Dungeon)
Wands
 d - a wand of digging (3)
   (You found it on level 3 of the Dungeon)
 i - a wand of iceblast (17)
   (You found it on level 5 of the Dungeon)
 p - a wand of paralysis (3)
   (You found it on level 5 of the Dungeon)
 q - a wand of flame (61)
   (You found it on level 3 of the Dungeon)
Scrolls
 e - 3 scrolls of enchant armour
 m - 2 scrolls of fog
 y - 2 scrolls of amnesia
 D - 7 scrolls of blinking {!r}
 I - 2 scrolls of torment {!r}
 K - 3 scrolls of immolation {!r}
 Q - a scroll of poison
 S - a scroll of identify {@r1}
 X - 4 scrolls of magic mapping {@r4!r}
 Y - 2 scrolls of teleportation {@r3}
Potions
 j - 2 potions of cancellation
 k - 2 potions of attraction {!q}
 B - 2 potions of brilliance
 F - a potion of magic
 G - 2 potions of ambrosia {!q}
 H - 4 potions of haste
 J - 4 potions of curing {@q1}
 L - 3 potions of flight
 M - 3 potions of might
 N - a potion of heal wounds {@q2}
 P - 2 potions of lignification {!q}
 R - 3 potions of resistance
 T - a potion of berserk rage {!q}
 U - 5 potions of mutation {!q}
Miscellaneous
 l - a condenser vane
   (You found it on level 9 of the Dungeon)


   Skills:
 + Level 3.2 Fighting
 + Level 8.1 Short Blades
 - Level 5.7 Dodging
 + Level 10.1 Stealth
 - Level 4.0 Shields
 - Level 6.0 Spellcasting
 - Level 8.0 Conjurations
 - Level 12.0 Transmutations
 - Level 7.0 Ice Magic
 - Level 7.1 Air Magic
 - Level 12.0 Earth Magic


You had 4 spell levels left.
You knew the following spells:

 Your Spells              Type           Power      Damage    Failure   Level
a - Sandblast             Erth           100%       2d20      1%          1
b - Freezing Cloud        Conj/Ice/Air   22%        6-21      13%         5
c - Petrify               Tmut/Erth      61%        N/A       1%          4
d - Arcjolt               Conj/Air       22%        1d32      12%         5
x - Stone Arrow           Conj/Erth      100%       3d13      1%          3
A - Ozocubu's Armour      Ice            42%        N/A       1%          3

Your spell library contained the following spells:

 Spells                   Type           Power      Damage    Failure   Level
 Passwall                 Tmut/Erth      50%        N/A       1%          2
 Spider Form              Tmut/Pois      37%        N/A       2%          3
 Ensorcelled Hibernation  Hex/Ice        50%        N/A       3%          2
 Poisonous Vapours        Pois/Air       50%        N/A       3%          2
 Ignite Poison            Fire/Tmut/Pois 27%        N/A       5%          3
 Vhi's Electric Charge    Tloc/Air       50%        N/A       7%          3
 Necrotise                Necr           28%        1d5       10%         1
 Kindle Blastsparks       Fire/Tloc/Air  38%        2d13      11%         3
 Blink                    Tloc           14%        N/A       14%         2
 Inner Flame              Hex/Fire       7%         N/A       28%         3
 Vampiric Draining        Necr           7%         2d6       28%         3
 Anguish                  Hex/Necr       3%         N/A       67%         4
 Cause Fear               Hex            3%         N/A       67%         4
 Manifold Assault         Tloc           7%         N/A       67%         4
 Metabolic Englaciation   Hex/Ice        12%        N/A       52%         5
 Silence                  Hex/Air        12%        N/A       52%         5
 Storm Form               Tmut/Air       26%        N/A       85%         7
 Agony                    Necr           7%         N/A       95%         5
 Discord                  Hex            3%         N/A       100%        8
 Maxwell's Capacitive Co  Air            21%        ∞         100%        8
 Summon Horrible Things   Summ           3%         N/A       100%        8
 Simulacrum               Ice/Necr       Unusable   N/A       N/A         6

Dungeon Overview and Level Annotations

Branches:
Dungeon (11/15) Zot: 25480  Temple (1/1) D:4 Zot: 5864    Lair (5/5) D:11 Zot: 18223
  Swamp (0/4) Lair:2        Snake (0/4) Lair:2        Slime (0/5) Lair:4
    Orc (0/2) D:9         Ossuary (visited)

Altars:
Ashenzari
Cheibriados
Dithmenos
Fedhas
Gozag
Hepliaklqana
Kikubaaqudgha
Makhleb
Nemelex Xobeh
Okawaru
Ru
Sif Muna
Trog
Uskayaw
Wu Jian
Xom
Zin
The Shining One
Jiyva

Shops:
D:9 [(((   Lair:3 =

Annotations:
D:3 3 runed translucent doors, baller8008's ghost, amateur DEHW; kd29's ghost, amateur DsTm
D:4 3 runed translucent doors, wormed's ghost, amateur GnEE
D:6 exclusion: necrophage
D:7 1 runed translucent door, Crazy Yiuf
D:10 3 runed translucent doors, sirJeffrey23's ghost, journeyman BaGl
Lair:1 3 runed translucent doors, Mioskyna's ghost, journeyman OpBe
Lair:2 exclusion: 2 death yaks
Lair:4 exclusion: downstairs


Innate Abilities, Weirdness & Mutations

You cannot wear most types of armour.
You are amphibious.
You can wear up to eight rings at the same time.
Your skin changes colour to match your surroundings (Stealth+).
Your rubbery body absorbs attacks. (AC +1, EV +1)
((You are camouflaged when in or above water. (Stealth+)))
You have tentacles for arms and can constrict up to eight enemies at once.


Message History

You open the large door.
There is a large open door here.
You open the door.
A wizard comes into view. It is wielding a +0 dagger.
There is an open door here.
The wizard casts a spell.
The wizard blinks!
Aim: a wizard, wielding a +0 dagger and wearing a +0 robe (chance to affect: 42%)
The wizard resists with some effort.
You now have 20/23 mp.
Aim: a wizard, wielding a +0 dagger and wearing a +0 robe (chance to affect: 42%)
The wizard resists with some effort.
You block the wizard's attack.
You now have 16/23 mp.
Aim: a wizard, wielding a +0 dagger and wearing a +0 robe (chance to affect: 42%)
The wizard is moving more slowly.
The wizard completely misses you.
You now have 13/23 mp.
You hit the wizard. You grab the wizard. You constrict the wizard.
You block the wizard's attack.
You puncture the wizard! You constrict the wizard.
You completely miss the wizard. You squeeze the wizard.
You constrict the wizard. You hit the wizard. You squeeze the wizard.
You constrict the wizard. The wizard hits you with a +0 dagger.
You take 3 damage, and have 80/83 hp.
You hit the wizard.
You squeeze the wizard, but do no damage.
You constrict the wizard, but do no damage.
You catch the helpless wizard completely off-guard!
You impale the wizard!! You squeeze the wizard. You constrict the wizard.
You hit the wizard.
You kill the wizard!
You now have 848 gold pieces (gained 9).
Things that are here:
a +0 dagger; a +0 robe You start resting.
Health restored: 83; MP restored: 23
There is an open door here.
There is an open door here.
You open the door.
There is an open door here.
As you open the door, it creaks loudly! 2 hell hounds come into view.
The hell hound barks! x2; You hear a screech!
You hear a shout!
You hear a chilling moan.
You hear a screech!
You hear a bark!
You hear a screech!
An ice devil comes into view.
A sun demon comes into view.
Found a burning altar of Makhleb.
As you close the door, it creaks loudly!
Things that are here:
a +0 dagger; a +0 robe
There is an open door here.
Aim: a sun demon (chance to affect: 26%)
The sun demon is moving more slowly.
You now have 19/23 mp.
There is a large open door here.
The sun demon stops moving altogether!
There is a large open door here.
Aim: an ice devil (chance to affect: 26%)
The ice devil easily resists.
You now have 18/23 mp.
Aim: an ice devil (chance to affect: 26%)
The ice devil easily resists.
You now have 15/23 mp.
Aim: an ice devil (chance to affect: 26%)
The ice devil is moving more slowly.
You now have 12/23 mp.
The sun demon is no longer petrified.
The ice devil stops moving altogether!
Aim: a sun demon (chance to affect: 26%)
The sun demon easily resists.
You now have 10/23 mp.
The sun demon hits you!!
You are engulfed in flames!
You take 30 damage, and have 53/83 hp.
MASSIVE DAMAGE!!
The helpless ice devil fails to defend itself.
You perforate the ice devil like a sieve!!!!
The hell hound barks!
You grab the ice devil.
You squeeze the ice devil, but do no damage.
You constrict the ice devil, but do no damage.
The helpless ice devil fails to defend itself.
You spit the ice devil like a pig!!!!
You kill the ice devil!
The sun demon hits you!
You are engulfed in flames!
You take 25 damage, and have 28/83 hp.
MASSIVE DAMAGE!!
As you read the scroll of teleportation {@r3}, it crumbles to dust.
You feel strangely unstable. The sun demon barely misses you.
Unknown command.
The sun demon misses you. The sun demon attacks as you move away!
The sun demon barely misses you. The hell hound breathes flames at you.
The blast of flame hits you!
* * * LOW HITPOINT WARNING * * *
You take 16 damage, and have 13/83 hp.
Unknown command.
The sun demon hits you!!
You die...
Your body crumbles into a pile of gold.

*~~~~~~~≈≈~~~~~~~~~~
########**#≈≈≈~~~~~~~~~~
.......#,.h..≈~~~~~~~~~~
..8.8..#.....4,,,~~~~~~~
.8.#...+...h_3,,,,∩~~~~~
..8.#..#......,,,,~~~~~~
.#.8...#,.....,,~~~~~~~~
..#.8.)###############~~
.8.8...'....h..3@....#~~
.......#...8$..^8....#~~
########.............#~~
♣ ######''#######** ♣♣♣
♣....♣ ..♣♣♣ ♣...♣♣
♣...♣♣ ♣♣♣..♣♣
♣♣...♣♣♣♣♣..♣♣♣
♣♣♣...♣..♣♣♣


You could see a sun demon and a hell hound.

Vanquished Creatures
  Gastronok (D:8)
  4 hydras
  4 boulder beetles
  3 death yaks (D:11)
  Erica (D:8)
  A two-headed ogre (D:10)
  A wizard (Lair:5)
  Pikel (D:8)
  26 elephants
  5 black mambas
  A gargoyle (D:10)
  A torpor snail (Lair:5)
  7 rime drakes
  Psyche (D:10)
  10 komodo dragons
  10 cane toads
  An ice devil (Lair:5)
  3 trolls
  A polar bear (Lair:1)
  18 blink frogs
  A hornet (D:11)
  2 tyrant leeches (Lair:2)
  5 dream sheep (Lair:3)
  3 wyverns
  2 basilisks
  51 yaks
  A steam dragon (D:9)
  3 swamp worms
  14 water moccasins
  3 orc warriors (D:9)
  2 black bears
  3 ogres
  17 wolves
  3 centaurs
  2 kobold brigands
  4 lemures
  5 phantoms
  An elf zombie (Ossuary)
  Blork the orc (D:4)
  18 bullfrogs
  A necrophage (D:6)
  4 scorpions
  2 gnoll sergeants
  3 wights
  5 killer bees (D:10)
  2 vampire bats (Lair:4)
  A human zombie (Ossuary)
  6 jellies
  6 orc priests
  3 hounds
  5 hell rats
  Natasha (twice) (D:2)
  2 iguanas
  10 orc wizards
  4 mummies (Ossuary)
  Robin (D:2)
  3 gnolls (D:8)
  7 adders
  21 river rats
  3 white imps
  2 adder zombies (Ossuary)
  5 worms
  5 dart slugs
  47 orcs
  14 bats
  A bat zombie (D:8)
  8 endoplasms
  5 giant cockroaches
  14 goblins
  7 hobgoblins
  3 jackals (D:3)
  8 quokkas
  2 ball pythons
  3 frilled lizards (D:2)
  2 gnoll zombies (Ossuary)
  A goblin zombie (Ossuary)
  2 hobgoblin zombies (Ossuary)
  A jackal zombie (Ossuary)
  13 kobolds
  2 kobold zombies (Ossuary)
  14 rats
  3 rat zombies (D:8)
494 creatures vanquished.

Vanquished Creatures (collateral kills)
  An orc (D:4)
1 creature vanquished.

Vanquished Creatures (others)
  An orc wizard (D:4)
  A bush (Lair:4)
  42 fungi
  31 plants
75 creatures vanquished.

Grand Total: 570 creatures vanquished

Notes
Turn   | Place    | Note
-------+----------+-------------------------------------------
     0 | D:1      | sokol815 the Octopode Earth Elementalist began the quest
                  | for the Orb.
     0 | D:1      | Reached XP level 1. HP: 11/11 MP: 3/3
   203 | D:1      | Found a shadowy altar of Dithmenos.
   298 | D:1      | Reached XP level 2. HP: 17/17 MP: 3/5
   485 | D:1      | Reached skill level 1 in Short Blades
   496 | D:1      | Got Qopp's Handbook of Floating Calling
   885 | D:2      | Reached XP level 3. HP: 21/21 MP: 0/6
  1085 | D:2      | Noticed Natasha
  1091 | D:2      | Killed Natasha
  1092 | D:2      | Reached skill level 2 in Short Blades
  1092 | D:2      | Reached XP level 4. HP: 11/27 MP: 0/7
  1300 | D:2      | Noticed Natasha
  1303 | D:2      | Killed Natasha
  1304 | D:2      | Reached skill level 3 in Short Blades
  1304 | D:2      | Reached skill level 4 in Earth Magic
  1328 | D:2      | Found a sparkling altar of Nemelex Xobeh.
  1654 | D:2      | Noticed Robin
  1661 | D:2      | Killed Robin
  1662 | D:2      | Reached XP level 5. HP: 26/31 MP: 3/8
  2117 | D:3      | Found a runed translucent gate.
  2118 | D:3      | Found a runed translucent gate.
  2119 | D:3      | Found a runed translucent gate.
  2120 | D:3      | Noticed baller8008's ghost (amateur DEHW)
  2268 | D:3      | Noticed kd29's ghost (amateur DsTm)
  2528 | D:3      | Reached skill level 4 in Short Blades
  2535 | D:3      | HP: 3/31 [orc wizard/+0 dagger (6)]
  2537 | D:3      | Reached XP level 6. HP: 3/36 MP: 0/9
  2778 | D:4      | Found a runed translucent gate.
  2778 | D:4      | Found a runed translucent gate.
  2778 | D:4      | Noticed wormed's ghost (amateur GnEE)
  2792 | D:4      | Found a runed translucent gate.
  2829 | D:4      | Reached skill level 5 in Short Blades
  2829 | D:4      | Reached skill level 5 in Earth Magic
  2829 | D:4      | Reached skill level 1 in Conjurations
  2860 | D:4      | Found a sand-covered staircase.
  2907 | Ossuary  | Entered an ossuary
  2936 | Ossuary  | Reached skill level 2 in Conjurations
  2981 | Ossuary  | Reached XP level 7. HP: 34/41 MP: 3/10
  3046 | Ossuary  | Reached skill level 3 in Conjurations
  3543 | D:4      | Noticed Blork the orc
  3549 | D:4      | Killed Blork the orc
  3550 | D:4      | Reached skill level 4 in Conjurations
  3826 | D:4      | Found a sacrificial altar of Ru.
  3841 | D:4      | Reached skill level 5 in Conjurations
  3898 | D:4      | Found a burning altar of Makhleb.
  3908 | D:4      | Reached skill level 1 in Fighting
  3974 | D:4      | Found a staircase to the Ecumenical Temple.
  3983 | Temple   | Entered the Ecumenical Temple
  4096 | Temple   | Became a worshipper of Gozag Ym Sagoz the Greedy
  4442 | D:5      | Entered Level 5 of the Dungeon
  4442 | D:5      | Found a bloodstained altar of Trog.
  4499 | D:5      | Reached skill level 2 in Fighting
  4499 | D:5      | Reached XP level 8. HP: 51/51 MP: 8/11
  4590 | D:5      | Reached skill level 3 in Fighting
  4772 | D:4      | Learned a level 3 spell: Stone Arrow
  5001 | D:5      | Reached skill level 6 in Earth Magic
  5418 | D:5      | Reached skill level 7 in Earth Magic
  5943 | D:6      | Reached XP level 9. HP: 56/56 MP: 9/12
  5946 | D:6      | Reached skill level 8 in Earth Magic
  6082 | D:6      | Reached skill level 6 in Conjurations
  6107 | D:6      | Found a broken altar of Ashenzari.
  6386 | D:6      | Reached skill level 7 in Conjurations
  6639 | D:6      | Found a shadowy altar of Dithmenos.
  6855 | D:7      | Found a hide-covered altar of Uskayaw.
  6982 | D:7      | Found a runed translucent door.
  6983 | D:7      | Noticed Crazy Yiuf
  7301 | D:7      | Reached skill level 3 in Spellcasting
  7477 | D:7      | Identified the +0 crystal plate armour of Eternity {rF+
                  | rN+}
  7791 | D:8      | Found a shimmering blue altar of Sif Muna.
  7924 | D:6      | Reached skill level 8 in Conjurations
  8053 | D:8      | Noticed Pikel
  8056 | D:8      | Reached skill level 4 in Spellcasting
  8273 | D:8      | Killed Pikel
  8274 | D:8      | Reached skill level 5 in Spellcasting
  8274 | D:8      | Reached XP level 10. HP: 57/63 MP: 5/18
  8357 | D:8      | You fall into a shaft and drop 2 floors!
  8357 | D:10     | Entered Level 10 of the Dungeon
  8374 | D:8      | Noticed Gastronok
  8398 | D:9      | Learned a level 4 spell: Petrify
  8686 | D:8      | Reached skill level 2 in Transmutations
  8884 | D:8      | Noticed a boulder beetle
  8912 | D:8      | HP: 9/63 [Gastronok/the air (33)]
  8915 | D:8      | Killed Gastronok
  8916 | D:8      | Reached skill level 6 in Spellcasting
  8916 | D:8      | Reached skill level 5 in Transmutations
  9472 | D:8      | Noticed Erica
  9573 | D:8      | Found an ancient bone altar of Kikubaaqudgha.
  9703 | D:9      | Found Orosh's Weapon Emporium.
  9703 | D:9      | Found a staircase to the Orcish Mines.
  9703 | D:9      | Found Jucel's Armour Emporium.
  9848 | D:9      | Reached skill level 6 in Transmutations
 10430 | D:9      | Found an ornate altar of the Wu Jian Council.
 10686 | D:9      | Found a snail-covered altar of Cheibriados.
 11112 | D:10     | Reached skill level 7 in Transmutations
 11112 | D:10     | Noticed a gargoyle
 11290 | D:10     | Killed a gargoyle
 11429 | D:10     | Noticed Psyche
 11433 | D:10     | Killed Psyche
 11434 | D:10     | Reached skill level 8 in Transmutations
 11434 | D:10     | Reached skill level 3 in Stealth
 11543 | D:10     | Reached skill level 4 in Stealth
 11700 | D:10     | Reached skill level 3 in Dodging
 11700 | D:10     | Reached XP level 11. HP: 67/67 MP: 13/20
 11829 | D:10     | Reached skill level 5 in Stealth
 11835 | D:10     | HP: 16/67 [poisoned by a kobold brigand (curare-tipped
                  | dart)]
 12036 | D:10     | Reached skill level 4 in Dodging
 12162 | D:10     | Reached skill level 6 in Stealth
 12231 | D:10     | Found a hazy altar of Hepliaklqana.
 12244 | D:10     | Noticed a two-headed ogre
 12250 | D:10     | Killed a two-headed ogre
 12597 | D:10     | Found a runed translucent gate.
 12597 | D:10     | Found a runed translucent gate.
 12597 | D:10     | Found a runed translucent gate.
 12598 | D:10     | Noticed sirJeffrey23's ghost (journeyman BaGl)
 12773 | D:8      | Killed Erica
 12774 | D:8      | Reached skill level 5 in Dodging
 12774 | D:8      | Reached skill level 7 in Stealth
 12885 | D:8      | Killed a boulder beetle
 13048 | D:8      | Learned a level 5 spell: Freezing Cloud
 13199 | D:11     | Noticed a death yak
 13233 | D:11     | Noticed a boulder beetle
 13250 | D:11     | Killed a boulder beetle
 13251 | D:11     | Reached skill level 8 in Stealth
 13251 | D:11     | Reached skill level 1 in Ice Magic
 13251 | D:11     | Reached skill level 1 in Air Magic
 13473 | D:11     | Identified a scroll of acquirement
 13473 | D:11     | Acquired the +1 buckler "Neisesy" {rElec rC- Will+}
 13509 | D:11     | Found a staircase to the Lair.
 13509 | D:11     | Noticed a death yak
 14116 | D:11     | Noticed a death yak
 14118 | D:11     | Reached skill level 1 in Shields
 14122 | D:11     | Killed a death yak
 14123 | D:11     | Reached skill level 2 in Shields
 14123 | D:11     | Reached skill level 2 in Ice Magic
 14123 | D:11     | Reached skill level 2 in Air Magic
 14126 | D:11     | Killed a death yak
 14127 | D:11     | Reached skill level 3 in Ice Magic
 14127 | D:11     | Reached skill level 3 in Air Magic
 14129 | D:11     | Killed a death yak
 14130 | D:11     | Reached skill level 3 in Shields
 14213 | D:11     | Noticed a boulder beetle
 14228 | D:11     | Killed a boulder beetle
 14229 | D:11     | Reached XP level 12. HP: 37/72 MP: 1/21
 14353 | D:11     | Learned a level 5 spell: Arcjolt
 14491 | Lair:1   | Entered Level 1 of the Lair of Beasts
 14507 | D:11     | Reached skill level 4 in Ice Magic
 14507 | D:11     | Reached skill level 4 in Air Magic
 14625 | Lair:1   | Reached skill level 4 in Shields
 14866 | Lair:1   | Found a runed translucent gate.
 14866 | Lair:1   | Found a runed translucent gate.
 14866 | Lair:1   | Found a runed translucent gate.
 15345 | Lair:1   | Reached skill level 5 in Ice Magic
 15345 | Lair:1   | Reached skill level 5 in Air Magic
 15591 | Lair:1   | Noticed Mioskyna's ghost (journeyman OpBe)
 16262 | Lair:1   | Noticed an ice dragon
 16447 | Lair:1   | Reached skill level 6 in Air Magic
 16468 | Lair:1   | Reached skill level 6 in Ice Magic
 17100 | Lair:1   | HP: 16/72 [elephant (10)]
 17102 | Lair:1   | HP: 3/72 [elephant (8)]
 17536 | Lair:2   | Reached skill level 7 in Air Magic
 17704 | Lair:2   | Reached skill level 7 in Ice Magic
 18217 | Lair:2   | Noticed a seven-headed hydra
 18229 | Lair:2   | Killed a seven-headed hydra
 18230 | Lair:2   | Reached skill level 9 in Stealth
 18706 | Lair:2   | Reached XP level 13. HP: 77/77 MP: 14/22
 18795 | Lair:2   | Reached skill level 10 in Stealth
 19192 | Lair:2   | Reached skill level 6 in Short Blades
 19242 | Lair:2   | Found a staircase to the Snake Pit.
 19655 | Lair:2   | HP: 16/77 [elephant (8)]
 19655 | Lair:2   | Found a staircase to the Swamp.
 19660 | Lair:2   | HP: 8/77 [elephant (10)]
 20021 | Lair:2   | Reached skill level 9 in Transmutations
 20021 | Lair:2   | Reached skill level 9 in Earth Magic
 21050 | Lair:3   | Reached skill level 7 in Short Blades
 21818 | Lair:3   | Learned a level 3 spell: Ozocubu's Armour
 22523 | Lair:3   | Bought a ring of protection from cold for 400 gold pieces
 22523 | Lair:3   | Bought the ring of Iwkugaer {rPois Will+ Int+3 Dex+5} for
                  | 848 gold pieces
 23059 | Lair:4   | Reached skill level 10 in Transmutations
 23130 | Lair:4   | Reached skill level 10 in Earth Magic
 23310 | Lair:4   | Found a viscous altar of Jiyva.
 23310 | Lair:4   | Found a staircase to the Slime Pits.
 23491 | Lair:4   | Reached skill level 8 in Short Blades
 24144 | Lair:5   | Entered Level 5 of the Lair of Beasts
 24598 | Lair:3   | Bought the amulet "Suggedd" {RegenMP Stlth+} for 636 gold
                  | pieces
 24866 | Lair:5   | Reached XP level 14. HP: 80/83 MP: 23/23
 25107 | Lair:5   | Reached skill level 11 in Transmutations
 25216 | Lair:5   | Reached skill level 11 in Earth Magic
 26204 | Lair:5   | Reached skill level 12 in Transmutations
 26231 | Lair:5   | Reached skill level 12 in Earth Magic
 26609 | Lair:5   | Found a burning altar of Makhleb.
 26636 | Lair:5   | HP: 13/83 [hell hound/blast of flame (16)]
 26637 | Lair:5   | Mangled by a sun demon

Illustrated notes

Levels and vault maps discovered:
D:1:      dpeg_arrival_water_altar, layout_basic, corner_web_ring,
          kennysheep_decorative_pillar
D:2:      layout_basic, basic_altar, glass_columns_a, kennysheep_another_room,
          wander_ebering_terrifying_dragon_lair, uniq_robin, uniq_natasha
D:3:      layout_loops_cross, gammafunk_ghost_cemetery
D:4:      layout_loops_ring, mainiacjoe_overflow_large_starburst,
          lemuel_temple_firewalk_a, gammafunk_ghost_split, enter_ossuary_5,
          uniq_blork_the_orc
D:5:      layout_gridville, mainiacjoe_overflow_small_starburst
D:6:      layout_cave_pools, nicolae_dithmenos_through_a_glass_darkly,
          evilmike_ruin_ashenzari, minmay_joined_circles
D:7:      layout_basic, nicolae_uskayaw_dance_hall, uniq_crazy_yiuf_cottage
D:8:      layout_basic, lemuel_zombie_altar_kikubaaqudgha,
          mainiacjoe_overflow_catwalk, due_unseen_surprise, uniq_erica,
          uniq_pikel, uniq_gastronok
D:9:      layout_cave_pods, slow_altar_2, nicolae_wu_jian_immortal_techniques,
          orc_david_3
D:10:     layout_basic, mainiacjoe_overflow_alcove_2, ebering_ghost_rock_garden,
          uniq_psyche
D:11:     layout_layer_cave, dpeg_lair_monsters
Temple:   grunt_temple_mini_profane
Lair:1:   layout_concentric_octagons, gammafunk_ghost_icy
Lair:2:   layout_cave_pods, minmay_swamp_entry_worms, dummy_snake_entry,
          grunt_megastairs_1
Lair:3:   lemuel_ratsnest, layout_long_grid, infiniplex_staircase_pool_2
Lair:4:   layout_misc_corridors, dpeg_slime_entry_enclosed, roderic_batcave
Lair:5:   evil_forest, layout_cave_pods, kennysheep_rathole

Skill      XL: |  1  2  3  4  5  6  7  8  9 10 11 12 13 14 |
---------------+-------------------------------------------+-----
Short Blades   | 1 2 3 4 5 8 |  8.1
Earth Magic    | 4 5 7 8 10 12 | 12.0
Conjurations   | 2 5 8 |  8.0
Fighting       | 2 3 |  3.2
Spellcasting   | 5 6 |  6.0
Transmutations | 8 10 12 | 12.0
Stealth        | 4 8 9 10 | 10.1
Dodging        | 3 5 |  5.7
Ice Magic      | 3 7 |  7.0
Air Magic      | 3 7 |  7.1
Shields        | 3 4 |  4.0

Action                   |  1- 3 |  4- 6 |  7- 9 | 10-12 | 13-15 || total
-------------------------+-------+-------+-------+-------+-------++-------
Melee: Dagger            |     3 |    48 |    60 |    57 |   296 ||   464
       Tentacles         |     1 |    12 |    16 |    19 |    99 ||   147
       Constrict         |       |    15 |    13 |     7 |    31 ||    66
       Staff             |       |       |     5 |    14 |       ||    19
       Punch             |       |       |     1 |     1 |     9 ||    11
       Short sword       |       |       |       |     3 |       ||     3
       Scimitar          |       |       |       |     4 |    53 ||    57
 Cast: Sandblast         |    37 |    84 |   132 |       |       ||   253
       Stone Arrow       |       |       |    41 |   236 |   128 ||   405
       Petrify           |       |       |       |    26 |    87 ||   113
       Freezing Cloud    |       |       |       |       |    15 ||    15
       Ozocubu's Armour  |       |       |       |       |    10 ||    10
Invok: Call Merchant     |       |       |       |     2 |     1 ||     3
Evoke: Wand              |       |       |       |    13 |       ||    13
       Condenser vane    |       |       |       |     1 |       ||     1
  Use: Scroll            |       |    11 |    13 |    10 |     6 ||    40
       Potion            |       |       |     2 |     3 |     1 ||     6
 Stab: Sleeping          |       |       |     1 |       |    14 ||    15
       Distracted        |       |       |     1 |       |     2 ||     3
       Paralysed         |       |       |       |     8 |       ||     8
       Petrified         |       |       |       |    30 |    61 ||    91
       Petrifying        |       |       |       |     1 |    14 ||    15
Armor: Skin              |     1 |     4 |    17 |    39 |    63 ||   124
Dodge: Dodged            |     4 |    28 |    80 |    72 |   127 ||   311
Block: Buckler           |       |       |       |    15 |    59 ||    74

Table legend: (Time is in decaauts)
 A = Elapsed time spent in this place.
 B = Non-inter-level travel time spent in this place.
 C = Inter-level travel time spent in this place.
 D = Time resting spent in this place.
 E = Time spent auto-exploring this place.
 F = Levels seen in this place.
 G = Mean time per level.
                   A        B        C        D        E       F      G
               +--------+--------+--------+--------+--------+-----+--------+
         Total |  26598 |  25419 |   1179 |   8411 |  11736 |  18 | 1477.7 |
       Dungeon |  14303 |  13725 |    578 |   3580 |   8066 |  11 | 1300.3 |
        Temple |    135 |     99 |     36 |      0 |     96 |   1 |  135.0 |
          Lair |  11775 |  11212 |    563 |   4748 |   3414 |   5 | 2355.0 |
       Ossuary |    383 |    383 |      0 |     83 |    160 |   1 |  383.0 |
               +--------+--------+--------+--------+--------+-----+--------+

Top non-repeatable levels by time:
  Lair:1: 3369 daAuts
  Lair:2: 2571 daAuts
  Lair:5: 2082 daAuts
  Lair:3: 1990 daAuts
  Lair:4: 1761 daAuts
     D:8: 1743 daAuts
     D:9: 1625 daAuts
    D:10: 1552 daAuts
    D:11: 1519 daAuts
     D:7: 1517 daAuts
     D:4: 1364 daAuts
     D:6: 1116 daAuts
     D:5: 1108 daAuts
     D:2: 1046 daAuts
     D:3: 863 daAuts

Table legend:
 A = Kills in this place as a percentage of kills in entire the game.
 B = Kills by you in this place as a percentage of kills by you in the entire game.
 C = Kills by friends in this place as a percentage of kills by friends in the entire game.
 D = Other kills in this place as a percentage of other kills in the entire game.
 E = Experience gained in this place as a percentage of experience gained in the entire game.
 F = Experience gained in this place divided by the number of levels of this place that you have seen.
                   A       B       C       D       E      F
               +-------+-------+-------+-------+-------+----------------------
         Total | 100.0 | 100.0 | 100.0 | 100.0 | 100.0 | 4005.8
       Dungeon |  49.2 |  49.0 | 100.0 | 100.0 |  26.4 | 1729.2
          Lair |  47.6 |  47.8 |   0.0 |   0.0 |  73.3 | 10569.6
       Ossuary |   3.3 |   3.3 |   0.0 |   0.0 |   0.3 | 235.0
               +-------+-------+-------+-------+-------+----------------------
